 Dungeon Crawl Stone Soup version 0.31-a0-325-g067879e3d3 (webtiles) character file.

Game seed: 13268580171552029271

60 Monkooky the Ruffian (level 4, -3/54 HPs)
             Began as a Meteoran Shapeshifter on July 18, 2023.
             Slain by a gnoll
             ... wielding a +0 halberd
              (9 damage)
             ... on level 2 of the Dungeon.
             The game lasted 00:03:28 (718 turns).

Monkooky the Ruffian (Meteoran Shapeshifter)         Turns: 718, Time: 00:03:29

Health: -3/54      AC: 26    Str: 18    XL:     4   Next: 48%
Magic:  5/5        EV:  2    Int: 10    God:
Gold:   84         SH:  0    Dex: 14    Spells: 3/3 levels left

rFire   . .          .
                       - Unarmed
rCold   . . .        (no shield)
rNeg    . . .        o - melded +0 ring mail
rPois   +            (helmet currently unavailable)
rElec   .            (cloak currently unavailable)
rCorr   .            (gloves currently unavailable)
SInv    .            (boots currently unavailable)
Will    +....        (no amulet)
Stlth   +            d - +4 ring of protection
HPRegen 0.29/turn    l - ring of willpower
MPRegen 0.09/turn

%: no passive effects
@: tree-form, glowing
A: stationary, stasis, torment immunity, boosted hp, sense surroundings 1,
otherworldly, glowing, explore regen
a: no special abilities


You were on level 2 of the Dungeon.
You were a tree.
You visited 1 branch of the dungeon, and saw 2 of its levels.

You collected 84 gold pieces.

Inventory:

Armour
 a - a +0 animal skin
 k - a +2 hat
 o - a +0 ring mail (melded)
Jewellery
 d - a +4 ring of protection (left branch)
 l - a ring of willpower (right branch)
Talismans
 c - a beast talisman
Scrolls
 e - a scroll of butterflies
 g - a scroll of noise {unknown}
 h - a scroll of amnesia
 i - a scroll of identify
 j - a scroll of teleportation {unknown}
 n - a scroll of blinking {unknown}


   Skills:
 - Level 2.1 Fighting
 - Level 2.4 Dodging
 + Level 5.1 Unarmed Combat
 - Level 3.6 Shapeshifting


You had 3 spell levels left.
You didn't know any spells.
Your spell library contained the following spells:

 Spells                   Type           Power      Damage    Failure   Level
 Freeze                   Ice            0%         1d3       36%         1
 Frozen Ramparts          Ice            0%         1d1       75%         3
 Hailstorm                Conj/Ice       0%         3d3       75%         3


Dungeon Overview and Level Annotations

Branches:
Dungeon (2/15) Zot: 486

Altars:


Innate Abilities, Weirdness & Mutations

You are a tree.
Your roots penetrate the ground, keeping you stationary.
You cannot be teleported.
You are immune to unholy pain and torment.
Your maximum health is greatly increased.
Your equipment is partially melded.
You passively map a small area around you.
You are easily found by Zot.
You glow in the dark.
You regain HP and MP as you explore.


Message History

Press: ? - help, Q - select action Shift-Dir - straight line, f - gnoll
Aim: a gnoll, wielding a +0 halberd (63% to hit)
You throw a poisoned dart. The poisoned dart hits the gnoll.
The gnoll hits you but does no damage. The kobold hits you but does no damage.
Unknown command.
Throw: 5 darts (poison)
Press: ? - help, Q - select action Shift-Dir - straight line, f/p - gnoll
Aim: a gnoll, wielding a +0 halberd (63% to hit)
You throw a poisoned dart.
The poisoned dart barely misses the gnoll.
The gnoll hits you but does no damage. The kobold hits you but does no damage.
Throw: 4 darts (poison)
Press: ? - help, Q - select action Shift-Dir - straight line, f/p - gnoll
Aim: a gnoll, wielding a +0 halberd (63% to hit)
You throw a poisoned dart. The poisoned dart hits the gnoll.
The gnoll hits you but does no damage. The kobold hits you but does no damage.
Unknown command.
Throw: 3 darts (poison)
Press: ? - help, Q - select action Shift-Dir - straight line, f/p - gnoll
Aim: a gnoll, wielding a +0 halberd (63% to hit)
You throw a poisoned dart.
The poisoned dart closely misses the gnoll.
Your enlightenment fades.
The gnoll hits you but does no damage. The kobold hits you but does no damage.
Throw: 2 darts (poison)
Press: ? - help, Q - select action Shift-Dir - straight line, f/p - gnoll
Aim: a gnoll, wielding a +0 halberd (63% to hit)
You throw a poisoned dart.
The poisoned dart completely misses the gnoll.
The gnoll hits you but does no damage. The kobold hits you but does no damage.
Throw: dart (poison)
Press: ? - help, Q - select action Shift-Dir - straight line, f/p - gnoll
Aim: a gnoll, wielding a +0 halberd (63% to hit)
You throw a poisoned dart.
The poisoned dart closely misses the gnoll.
The gnoll hits you but does no damage. The kobold hits you but does no damage.
Unknown command.
You hit the kobold but do no damage.
The gnoll hits you from afar with a +0 halberd!
You die...

>.........###..........#.
#......
.#.........######......+
#...... .....#.....#
#......# #####.#
...........## #......#
#)..# ..............
#....).######.###
........##....
#......##.....# ........#
...*#.....)##.#####*
........# #.#####g.....#
, ........# #.K♣#
#.###### * ........#
###.###.#.#, ,
........###### #.g.g...#
** ,
.####.........,#..##.#.#
, , , , . ##.........
##......#,
.###.........., #.(....#
.#............ ######.# ,
, .+............,** * *.+
##............ .#


You could see a gnoll and a kobold.

Vanquished Creatures
  3 gnolls (D:2)
  5 endoplasms
  2 giant cockroaches (D:1)
  6 goblins (D:1)
  2 hobgoblins
  2 quokkas
  A ball python (D:1)
  4 bats (D:1)
  3 frilled lizards (D:1)
  2 kobolds (D:1)
30 creatures vanquished.

Notes
Turn   | Place    | Note
-------+----------+-------------------------------------------
     0 | D:1      | Monkooky the Meteoran Shapeshifter began the quest for the
                  | Orb.
     0 | D:1      | Reached XP level 1. HP: 17/17 MP: 2/2
   104 | D:1      | Reached skill level 3 in Unarmed Combat
   104 | D:1      | Reached XP level 2. HP: 20/24 MP: 3/3
   372 | D:1      | Reached XP level 3. HP: 29/29 MP: 4/4
   416 | D:1      | Reached skill level 4 in Unarmed Combat
   669 | D:2      | Reached XP level 4. HP: 34/36 MP: 5/5
   691 | D:2      | Reached skill level 5 in Unarmed Combat
   718 | D:2      | Slain by a gnoll

Illustrated notes

Levels and vault maps discovered:
D:1:      lemuel_arrival_rhombus, layout_basic, roderic_roman_lattice
D:2:      layout_basic

Skill      XL: |  1  2  3  4 |
---------------+-------------+-----
Unarmed Combat | 3 4 5 |  5.1
Fighting       | |  2.1
Dodging        | |  2.4
Shapeshifting  | |  3.6

Action                     |  1- 3 |  4- 6 || total
---------------------------+-------+-------++-------
  Melee: Unarmed           |    66 |     7 ||    73
         Punch             |       |     1 ||     1
  Throw: Dart              |       |     6 ||     6
    Use: Scroll            |       |     2 ||     2
         Potion            |       |     2 ||     2
 Armour: Animal skin       |    25 |       ||    25
         Ring mail         |     2 |     4 ||     6
         Skin              |       |    20 ||    20
  Dodge: Dodged            |    35 |     2 ||    37

Table legend: (Time is in decaauts)
 A = Elapsed time spent in this place.
 B = Non-inter-level travel time spent in this place.
 C = Inter-level travel time spent in this place.
 D = Time resting spent in this place.
 E = Time spent auto-exploring this place.
 F = Levels seen in this place.
 G = Mean time per level.
                   A        B        C        D        E       F      G
               +--------+--------+--------+--------+--------+-----+--------+
         Total |    712 |    647 |     65 |      0 |      0 |   2 |  356.0 |
       Dungeon |    712 |    647 |     65 |      0 |      0 |   2 |  356.0 |
               +--------+--------+--------+--------+--------+-----+--------+

Top non-repeatable levels by time:
     D:1: 517 daAuts
     D:2: 195 daAuts
